Map: Zielone pola

Players

PURI

  • Race: Terran Terran
  • Spawn Location: 12:00

kifirchik

  • Race: Protoss Protoss
  • Spawn Location: 1:00

Gracz

  • Race: Terran Terran
  • Spawn Location: 3:00

SI 3 (Trudna)

  • Race: Zerg Zerg
  • Spawn Location: 6:00

SI 4 (Trudna)

  • Race: Protoss Protoss
  • Spawn Location: 7:00

SI 5 (Trudna)

  • Race: Terran Terran
  • Spawn Location: 9:00

VOD

Have the link to the VOD?

Description

Time

  • Played on: Feb. 9, 2016, 7:30 p.m.
  • Length: 11:36
Show
View Real Time Build Order
Export as new Build Order

PURI Terran 

Build Orders: Command Center First (CC) 

Get SALT Encoding   

  12  0:01  SCV  
  13  0:13  SCV  
  14  0:19  Supply Depot  
  14  0:26  Refinery  
  14  0:32  Refinery  
  14  0:40  SCV  
  15  0:52  SCV  
  16  1:04  SCV  
  17  1:21  Command Center  
  17  1:41  SCV  
  18  1:53  SCV  
  19  1:55  Barracks  
  19  2:05  SCV  
  20  2:17  SCV  
  22  2:30  SCV  
  22  2:36  Refinery, SCV  
  23  2:42  SCV  
  24  2:48  SCV  
  25  2:52  Factory  
  25  3:00  SCV  
  25  3:03  Engineering Bay  
  26  3:06  SCV  
  26  3:12  SCV  
  28  3:20  SCV  
  28  3:24  SCV  
  30  3:32  SCV  
  31  3:35  Missile Turret  
  31  3:36  SCV  
  32  3:44  Starport  
  32  3:45  SCV  
  33  3:48  SCV  
  34  3:57  SCV  
  34  4:00  SCV  
  36  4:05  Starport  
  36  4:09  SCV  
  37  4:13  SCV  
  38  4:24  Starport Tech Lab  
  38  4:27  Armory  
  38  4:38  Supply Depot  
  38  4:39  Supply Depot  
  38  4:41  Supply Depot  
  38  4:42  Supply Depot  
  38  4:46  Supply Depot  
  38  4:47  Supply Depot  
  38  5:00  SCV x2  
  38  5:02  Starport Tech Lab  
  40  5:12  Supply Depot, SCV x2  
  42  5:16  Supply Depot  
  42  5:24  SCV x2  
  42  5:25  Refinery  
  44  5:36  SCV  
  45  5:49  Fusion Core  
  27  6:05  Factory Tech Lab  
  27  6:14  Terran Infantry Weapons Level 1  
  27  6:19  Planetary Fortress  
  24  6:42  Battlecruiser x2  
  36  7:27  Thor  
  43  7:41  Barracks Reactor  
  42  8:08  Terran Infantry Armor Level 1  
  42  8:37  Terran Ship Weapons Level 1  
  42  8:50  Refinery  
  42  8:58  Refinery  
  42  9:24  Command Center  
  42  9:53  Weapon Refit  
  42  10:03  Hi-Sec Auto Tracking  
  42  10:04  Marine x2  
  44  10:22  Marine x2  
  46  10:36  Behemoth Reactor  
  46  10:40  Marine x2  
  48  10:52  Thor  
  54  10:58  Marine x2  
  62  11:16  Marine x2  
Show
View Real Time Build Order
Export as new Build Order

kifirchik Protoss 

Build Orders:  

Get SALT Encoding   

  12  0:02  Probe (Chrono Boost)  
  13  0:12  Probe (Chrono Boost)  
  14  0:23  Pylon  
  14  0:28  Assimilator  
  14  0:29  Probe (Chrono Boost)  
  15  0:41  Probe (Chrono Boost)  
  16  0:49  Gateway  
  16  0:59  Gateway  
  16  1:01  Probe (Chrono Boost)  
  17  1:11  Probe (Chrono Boost)  
  18  1:25  Probe (Chrono Boost)  
  19  1:36  Probe (Chrono Boost)  
  20  1:41  Cybernetics Core  
  20  1:45  Assimilator  
  20  1:48  Pylon  
  20  1:52  Probe (Chrono Boost)  
  21  2:02  Probe (Chrono Boost)  
  22  2:18  Warp Gate (Chrono Boost)  
  22  2:20  Adept x2  
  28  2:30  Mothership Core (Chrono Boost)  
  28  2:38  Forge  
  28  2:58  Nexus  
  28  3:03  Pylon  
  28  3:06  Pylon  
  26  3:35  Protoss Ground Weapons Level 1  
  24  3:51  Twilight Council  
  24  4:00  Gateway  
  24  4:03  Gateway  
  24  4:05  Gateway  
  24  4:07  Pylon  
  24  4:11  Probe  
  25  4:22  Probe  
  26  4:27  Blink (Chrono Boost)  
  26  4:34  Probe  
  27  4:46  Probe  
  28  4:55  Pylon  
  28  5:02  Dark Shrine, Probe  
  29  5:08  Assimilator  
  29  5:12  Assimilator  
  29  5:14  Probe  
  30  5:24  Stalker  
  30  5:25  Stalker x2  
  30  5:26  Probe  
  37  5:37  Protoss Ground Weapons Level 2  
  37  5:39  Probe  
  32  5:51  Probe  
  33  6:16  Dark Templar x4  
  41  6:32  Stalker  
  39  6:59  Dark Templar x2  
  31  8:01  Gateway  
  31  8:02  Gateway x2  
  31  8:05  Gateway  
  31  8:07  Gateway  
  31  8:42  Pylon  
  31  8:45  Pylon  
  31  9:02  Nexus  
  31  9:33  Photon Cannon x2  
  31  9:35  Photon Cannon  
  31  9:56  Dark Templar x2  
  31  9:57  Dark Templar x3  
  41  10:17  Probe  
  41  10:20  Pylon  
  42  10:25  Pylon  
  42  10:28  Probe  
  33  10:38  Probe  
  34  10:49  Probe  
  35  11:00  Stalker, Probe  
  35  11:01  Stalker x3  
  44  11:23  Stalker x3  
  48  11:35  Adept x4  
  48  11:36  Adept  
Show
View Real Time Build Order
Export as new Build Order

Gracz Terran 

Build Orders:  

Get SALT Encoding   

  12  0:06  SCV  
  13  0:13  Refinery  
  13  0:54  Supply Depot  
  13  1:24  Barracks  
  13  1:38  Refinery  
  13  1:55  Command Center  
  13  2:15  Barracks  
  13  2:18  Barracks  
  13  2:32  Barracks Reactor  
  13  2:40  Orbital Command  
  13  2:53  Barracks  
  13  3:23  Barracks  
  13  3:41  Barracks Reactor x2  
  13  3:42  Barracks Reactor  
  13  4:08  SCV  
  14  4:20  SCV  
  15  4:24  Barracks Reactor  
  15  4:31  Marine x3  
  16  4:32  Marine, SCV  
  16  4:34  Marine  
  16  4:35  Marine  
  22  4:39  Marine  
  23  5:06  SCV  
  24  5:07  Refinery  
  24  5:10  SCV  
  25  5:18  SCV  
  18  5:29  Marine x6  
  21  6:11  Marine x6  
  23  6:21  Marine  
  23  6:37  Marine  
  23  7:00  Supply Depot  
  23  7:02  Marine x6  
  29  7:26  Marine x5  
  29  7:27  Marine x3  
  37  7:44  Marine x2  
  39  7:53  Marine x2  
  39  7:54  Marine  
  39  7:58  Marine  
  37  8:16  Marine x2  
  39  8:20  Supply Depot  
  39  8:22  Marine x6  
  45  8:32  Supply Depot  
  45  8:34  Marine  
  46  8:48  Supply Depot  
  46  9:06  Factory  
  46  9:42  Supply Depot  
  46  10:04  Factory  
  46  10:22  Factory Tech Lab  
  46  10:39  Marine x6  
  46  10:40  Marine x4  
  56  10:57  Marine x5  
Show
View Real Time Build Order
Export as new Build Order

SI 3 (Trudna) Zerg 

Build Orders: Pool First 

Get SALT Encoding   

  12  0:01  Drone  
  13  0:12  Overlord  
  13  0:17  Drone  
  14  0:30  Drone  
  14  0:32  Drone  
  16  0:43  Spawning Pool  
  16  0:45  Drone  
  16  0:49  Drone  
  17  0:53  Extractor  
  17  0:55  Drone  
  17  1:06  Overlord  
  17  1:29  Queen  
  17  1:31  Zergling x2  
  20  1:34  Roach Warren  
  20  1:36  Zergling x2  
  20  1:38  Drone  
  21  1:41  Extractor  
  20  1:49  Drone  
  21  2:00  Drone  
  22  2:10  Overlord  
  22  2:21  Drone  
  23  2:32  Roach  
  23  2:36  Drone  
  26  2:37  Roach  
  26  2:42  Overlord  
  28  2:44  Roach  
  30  2:55  Roach  
  32  3:05  Roach  
  34  3:08  Overlord  
  34  3:10  Roach  
  34  3:11  Drone  
  37  3:18  Drone  
  38  3:29  Roach, Baneling Nest  
  38  3:34  Evolution Chamber  
  38  3:40  Roach, Drone  
  41  3:41  Drone  
  42  3:50  Drone  
  43  4:01  Drone  
  44  4:11  Drone  
  44  4:13  Drone  
  46  4:43  Lair, Overlord  
  46  4:44  Zerg Melee Weapons Level 1  
  46  4:46  Evolution Chamber  
  46  4:47  Drone  
  46  5:11  Zerg Missile Weapons Level 1  
  45  5:15  Zergling x2  
  45  5:22  Hatchery  
  44  5:29  Drone  
  45  5:41  Burrow  
  45  5:43  Hydralisk Den  
  45  5:44  Drone  
  45  5:46  Overseer  
  45  5:53  Overseer  
  45  5:58  Spore Crawler  
  45  6:01  Spore Crawler  
  45  6:02  Drone  
  44  6:13  Hydralisk  
  44  6:17  Overlord  
  46  6:21  Hydralisk  
  48  6:25  Spine Crawler  
  48  6:30  Hydralisk  
  48  6:32  Spine Crawler  
  48  6:33  Drone  
  48  6:34  Queen  
  48  6:36  Drone  
  48  6:38  Zerg Ground Armor Level 1  
  48  6:39  Hydralisk  
  54  6:40  Drone  
  54  6:43  Drone  
  56  6:49  Drone  
  56  6:53  Drone  
  56  6:56  Drone  
  56  6:58  Drone  
  56  7:01  Drone  
  51  7:03  Drone  
  51  7:06  Drone  
  53  7:08  Drone  
  53  7:11  Drone  
  55  7:17  Drone  
  55  7:18  Drone  
  57  7:23  Drone  
  57  7:25  Drone  
  57  7:27  Drone  
  57  7:28  Drone  
  61  7:30  Drone  
  61  7:35  Muscular Augments  
  62  7:38  Drone  
  62  7:41  Roach  
  63  7:48  Spore Crawler  
  63  7:50  Roach, Drone  
  65  7:53  Spore Crawler  
  65  7:54  Drone  
  61  7:59  Roach  
  61  8:00  Queen  
  61  8:03  Overlord  
  65  8:07  Roach  
  65  8:10  Infestation Pit  
  66  8:16  Roach, Ravager  
  66  8:17  Spire  
  68  8:23  Spine Crawler  
  68  8:26  Spine Crawler  
  66  8:27  Zergling x2  
  66  8:31  Baneling  
  67  8:34  Zergling x2  
  67  8:38  Zergling x2  
  69  8:42  Zergling x2, Hatchery  
  69  8:46  Ravager  
  70  8:56  Baneling, Overlord  
  70  9:08  Extractor  
  69  9:10  Extractor  
  69  9:12  Zergling x2  
  69  9:16  Zergling x2  
  70  9:20  Zergling x2  
  70  9:23  Zergling x2  
  72  9:28  Pneumatized Carapace  
  72  9:30  Mutalisk  
  74  9:34  Mutalisk  
  74  9:37  Mutalisk  
  78  9:41  Mutalisk  
  81  9:45  Drone  
  81  9:53  Overseer  
  81  9:54  Drone  
  81  9:56  Drone  
  81  9:57  Zergling x2, Baneling, Drone  
  81  9:59  Drone  
  86  10:00  Overlord  
  86  10:01  Baneling, Drone  
  87  10:09  Mutalisk, Extractor  
  87  10:10  Drone  
  89  10:15  Extractor, Drone  
  89  10:19  Mutalisk, Drone  
  89  10:20  Drone  
  93  10:22  Overlord, Drone  
  93  10:27  Mutalisk  
  97  10:28  Drone  
  97  10:31  Drone  
  97  10:32  Drone  
  97  10:34  Drone  
  100  10:36  Drone  
  100  10:38  Mutalisk  
  100  10:40  Overlord  
  100  10:41  Drone  
  104  10:43  Drone  
  104  10:45  Drone  
  104  10:47  Drone  
  104  10:49  Drone  
  108  10:50  Drone  
  108  10:52  Drone  
  108  10:54  Drone  
  111  11:04  Overlord  
  111  11:06  Drone  
Show
View Real Time Build Order
Export as new Build Order

SI 4 (Trudna) Protoss 

Build Orders:  

Get SALT Encoding   

  12  0:01  Probe (Chrono Boost)  
  13  0:12  Probe (Chrono Boost)  
  14  0:20  Pylon  
  14  0:22  Probe (Chrono Boost)  
  15  0:39  Probe (Chrono Boost)  
  16  0:47  Assimilator  
  16  0:49  Probe (Chrono Boost)  
  17  0:53  Gateway  
  17  1:00  Probe (Chrono Boost)  
  17  1:03  Pylon  
  18  1:10  Probe (Chrono Boost)  
  19  1:23  Probe (Chrono Boost)  
  20  1:38  Zealot  
  20  1:43  Cybernetics Core  
  20  1:47  Gateway  
  22  1:48  Assimilator  
  22  2:03  Pylon  
  22  2:18  Adept  
  22  2:19  Warp Gate  
  24  2:33  Adept  
  26  2:45  Pylon, Zealot  
  28  2:59  Adept  
  30  3:13  Adept  
  32  3:20  Pylon  
  32  3:23  Probe (Chrono Boost)  
  32  3:26  Stalker  
  32  3:34  Probe (Chrono Boost)  
  32  3:40  Adept  
  32  3:46  Probe (Chrono Boost)  
  35  3:55  Forge  
  35  3:57  Adept  
  35  3:58  Probe (Chrono Boost)  
  38  4:07  Adept  
  38  4:09  Probe (Chrono Boost)  
  41  4:21  Probe (Chrono Boost)  
  43  4:32  Adept, Probe (Chrono Boost)  
  45  4:43  Probe (Chrono Boost)  
  46  4:54  Probe (Chrono Boost)  
  47  5:04  Probe (Chrono Boost)  
  48  6:17  Protoss Ground Weapons Level 1  
  48  6:21  Sentry  
  48  6:25  Gateway  
  50  6:29  Robotics Facility  
  50  6:31  Photon Cannon  
  50  6:32  Stalker  
  52  6:34  Photon Cannon  
  52  6:37  Stargate  
  52  6:40  Twilight Council  
  52  6:42  Sentry  
  52  6:44  Forge  
  54  6:49  Pylon, Nexus  
  54  7:07  Stalker  
  56  7:12  Pylon, Protoss Ground Armor Level 1  
  56  7:16  Observer  
  56  7:17  Stalker  
  59  7:37  Observer  
  59  7:43  Zealot  
  50  7:54  Zealot  
  46  8:03  Probe x2 (Chrono Boost)  
  46  8:05  Adept  
  46  8:14  Probe x2 (Chrono Boost)  
  46  8:16  Adept  
  50  8:25  Probe (Chrono Boost)  
  52  8:27  Adept, Probe (Chrono Boost)  
  52  8:28  Assimilator  
  54  8:37  Probe (Chrono Boost)  
  54  8:38  Adept, Pylon  
  54  8:39  Probe (Chrono Boost)  
  58  8:48  Adept, Pylon, Probe (Chrono Boost)  
  59  8:50  Probe (Chrono Boost)  
  62  8:59  Adept, Probe (Chrono Boost)  
  62  9:02  Probe (Chrono Boost)  
  67  9:10  Stalker, Probe (Chrono Boost), Photon Cannon  
  67  9:12  Photon Cannon  
  67  9:13  Probe (Chrono Boost)  
  70  9:21  Probe (Chrono Boost)  
  71  10:20  Assimilator  
  71  10:28  Stalker  
  72  10:43  Probe (Chrono Boost)  
  72  10:44  Probe (Chrono Boost)  
  72  10:48  Warp Prism  
  73  10:56  Gateway  
  75  10:57  Templar Archives  
  75  11:02  Robotics Bay  
  75  11:08  Fleet Beacon  
  75  11:11  Robotics Facility  
  75  11:15  Stargate  
  75  11:20  Pylon  
  61  11:33  Zealot  
Show
View Real Time Build Order
Export as new Build Order

SI 5 (Trudna) Terran 

Build Orders: MMM Bio 

Get SALT Encoding   

  12  0:01  SCV  
  13  0:13  SCV  
  14  0:19  Supply Depot  
  14  0:25  SCV  
  15  0:41  SCV  
  16  0:43  Barracks  
  16  0:49  Refinery  
  16  0:53  SCV  
  17  1:05  SCV  
  18  1:17  SCV  
  19  1:19  Supply Depot  
  19  1:30  SCV  
  19  1:31  Marine  
  21  1:41  Barracks  
  21  1:43  Orbital Command  
  21  1:49  Refinery  
  21  1:50  Barracks Tech Lab  
  21  2:07  Supply Depot  
  21  2:08  Marine  
  22  2:26  Marauder  
  22  2:28  Marine  
  25  2:41  Supply Depot  
  25  2:45  Marine  
  25  2:47  Marauder  
  28  2:54  SCV  
  29  3:03  Marine  
  29  3:05  Engineering Bay  
  30  3:06  SCV  
  30  3:08  Marine  
  32  3:18  SCV  
  33  3:21  Marine  
  33  3:26  Marine  
  35  3:30  SCV  
  35  3:33  Supply Depot  
  36  3:39  Marine  
  37  3:43  SCV  
  37  3:44  Marauder  
  40  3:55  SCV  
  41  3:57  Marine  
  42  4:05  Marine  
  43  4:54  Barracks Tech Lab  
  43  4:55  Stimpack  
  43  4:58  Factory  
  43  5:02  Factory  
  43  5:08  Command Center  
  43  5:11  Terran Infantry Weapons Level 1  
  43  5:12  Combat Shields  
  43  5:33  Missile Turret  
  43  5:40  Missile Turret  
  43  5:44  Factory Tech Lab  
  43  5:46  Starport  
  43  5:48  Starport  
  43  5:49  Factory Tech Lab  
  43  5:58  Supply Depot  
  43  6:01  Bunker  
  43  6:02  Siege Tank  
  46  6:10  Siege Tank  
  49  6:21  SCV  
  49  6:22  SCV  
  51  6:31  Marauder  
  51  6:32  Refinery  
  49  6:33  SCV  
  49  6:34  SCV  
  49  6:35  Missile Turret  
  49  6:39  Marauder  
  47  6:41  Missile Turret  
  47  6:43  Refinery, Starport Tech Lab  
  47  6:44  Starport Tech Lab  
  47  6:45  SCV  
  41  6:51  Marine  
  41  6:53  SCV  
  43  6:57  SCV  
  43  7:00  Marine  
  45  7:03  Raven  
  45  7:05  SCV  
  45  7:06  Terran Infantry Armor Level 1  
  48  7:09  Marine, SCV  
  50  7:17  SCV  
  50  7:18  Marine  
  50  7:21  SCV  
  53  7:27  Marine  
  53  7:29  SCV  
  55  7:33  SCV  
  55  7:36  Marine  
  57  7:41  SCV, Raven  
  60  7:45  Marine, SCV  
  62  7:51  Bunker  
  62  7:53  Marine, SCV  
  62  7:57  Cyclone, SCV  
  68  8:00  Sensor Tower  
  68  8:02  Supply Depot  
  68  8:05  SCV  
  69  8:06  Concussive Shells, Marauder  
  69  8:09  SCV  
  72  8:15  Armory  
  72  8:17  SCV  
  73  8:21  Barracks  
  73  8:57  Medivac  
  73  8:58  Viking  
  73  9:01  Supply Depot  
  77  9:08  Barracks Reactor  
  77  9:27  Medivac, Supply Depot, Banshee  
  82  9:44  Command Center  
  82  9:52  Supply Depot  
  82  9:57  Viking  
  84  10:10  Viking  
  86  10:17  Supply Depot  
  86  10:24  Fusion Core  
  86  10:27  Raven  
  88  10:40  Viking  
  88  10:42  Engineering Bay  
  90  10:45  Supply Depot  
  90  10:58  SCV  
  90  10:59  SCV  
  90  11:01  SCV  
  93  11:10  SCV  
  99  11:11  SCV  
  99  11:12  Missile Turret  
  99  11:13  SCV  
  99  11:16  Refinery  
  101  11:20  Missile Turret  
  101  11:22  SCV  
  101  11:24  SCV  
  103  11:27  Refinery  
Tags
 
Add a new tag
Caveats
  • Supply blocks, unpowered buildings, or Contaminate may cause inaccurate times.
  • Supply counts are checked every 10 seconds.